 Dungeon Crawl Stone Soup version 0.16.0-17-g811c1d7 (console) character file.

168210 gw the Executioner (level 17, -1/160 HPs)
             Began as a Hill Orc Berserker on Mar 22, 2015.
             Was a Priest of Trog.
             Slain by a guardian serpent (12 damage)
             ... on level 5 of the Snake Pit.
             The game lasted 00:56:12 (39412 turns).

gw the Executioner (Hill Orc Berserker)            Turns: 39412, Time: 00:56:12

Health: -1/160     AC: 45    Str: 22    XL:     17   Next: 94%
Magic:  2/17       EV:  8    Int: 10    God:    Trog [***...]
Gold:   2979       SH:  0    Dex: 15    Spells: 0 memorised, 16 levels left

rFire  + . .     SeeInvis +     b - +9 battleaxe (flame)
rCold  . . .     Clarity  .     r - +16 plate armour "Psaup" {rF+ MR+ Int+3 Stlth-}
rNeg   . . .     SustAb   .     (no shield)
rPois  +         Gourm    .     L - +2 helmet
rElec  .         Spirit   .     q - +2 cloak
rCorr  +         Warding  .     O - +2 pair of gloves
rMut   .         Stasis   .     (no boots)
MR     ++++.                    m - amulet of resist corrosion
Stlth  ..........               G - ring of see invisible
                                V - ring of poison resistance

@: regenerating, constricted, incredibly resistant to hostile enchantments,
extremely unstealthy
A: thin metallic scales 1
a: Burn Spellbooks, Berserk, Trog's Hand, Renounce Religion


You were on level 5 of the Snake Pit.
You worshipped Trog.
Trog was most pleased with you.
You were not hungry.

You visited 4 branches of the dungeon, and saw 32 of its levels.
You also visited: Sewer.

You collected 2979 gold pieces.

Inventory:

Hand weapons
 b - a +9 battleaxe of flaming (weapon)
Missiles
 a - 6 needles of confusion
 d - 811 stones
 u - 8 curare-tipped needles
 y - 173 poisoned needles
 C - 7 needles of slowing
 K - 10 tomahawks of returning
 Q - 11 javelins (quivered)
 T - 24 tomahawks
 W - 7 tomahawks of dispersal
Armour
 q - a +2 cloak (worn)
 r - the +16 plate armour "Psaup" (worn) {rF+ MR+ Int+3 Stlth-}
   (You found it on level 6 of the Dungeon)

   It affects your intelligence (+3).
   It protects you from fire.
   It affects your resistance to hostile enchantments.
   It makes you less stealthy.
 L - a +2 helmet (worn)
 O - a +2 pair of gloves (worn)
Jewellery
 m - an amulet of resist corrosion (around neck)
 G - a ring of see invisible (right hand)
 V - a ring of poison resistance (left hand)
Magical devices
 e - a wand of draining (4)
 g - a wand of enslavement (11)
 l - a wand of magic darts (14)
 o - a wand of digging (8)
 s - a wand of magic darts (34)
 t - a wand of teleportation (0)
 x - a wand of random effects (17)
 z - a wand of flame (13)
 B - a wand of frost (28)
 D - a wand of magic darts (9)
 E - a wand of polymorph (8)
 F - a wand of disintegration (15)
 I - a wand of slowing (19)
Scrolls
 h - 3 scrolls of recharging
 k - 20 scrolls of identify
 p - 16 scrolls of remove curse
Potions
 j - 5 potions of heal wounds
 n - 8 potions of curing
 w - 2 potions of resistance
 A - a potion of ambrosia
 H - 4 potions of restore abilities
 J - 2 potions of berserk rage
Comestibles
 c - 18 meat rations
 f - 3 royal jellies
 i - 15 bread rations
 M - 34 fruits
 N - 7 slices of pizza


   Skills:
 + Level 16.7 Fighting
 * Level 23.7 Axes
 + Level 14.0 Throwing
 + Level 15.2 Armour
 - Level 1.5 Dodging


You had 16 spell levels left.
You didn't know any spells.

Dungeon Overview and Level Annotations

Branches:
Dungeon (15/15)            Temple (0/1) D:7            Lair (8/8) D:8
 Shoals (0/5) Lair:6        Snake (5/5) Lair:3        Slime (0/6) Lair:6
    Orc (4/4) D:9             Elf (0/3) Orc:3        Vaults (0/5) D:14
 Depths (0/5) D:15

Altars:
Fedhas
Gozag
Okawaru
Ru
Beogh

Shops:
D:5 *   D:7 !   D:13 }   Orc:3 *   Orc:4 ![[(   Snake:2 ?

Portals:
Bazaar: Snake:3

Annotations:
D:13 exclusion: downstairs
D:14 6 runed doors
Lair:3 exclusion: downstairs


Innate Abilities, Weirdness & Mutations

You are partially covered in thin metallic scales (AC +2).


Message History

The anaconda constricts your ogre. The naga mage completely misses you.
The anaconda bites you! The greater naga spits poison at you.
The splash of poison hits you! You resist. The greater naga constricts you.
You feel the effects of Trog's Hand fading.
The guardian serpent hits you.
The guardian serpent hits you but does no damage.
The anaconda bites your ogre!!
Your ogre dies!
Your ogre's corpse disappears in a puff of smoke!
The anaconda bites you but does no damage.
The greater naga hits you with a whip!
The greater naga hits you but does no damage.
The guardian serpent hits you but does no damage.
The guardian serpent hits you!
The naga mage hits you but does no damage.
The greater naga hits you but does no damage.
The greater naga constricts you. The anaconda bites you.
The guardian serpent hits you!
You die...

.### .## #.##
#.. ## 8....#
###.# ###
.S..}.####...#
..8.....#...###
.........#####
.N.8N....#
.....}.N.#
8NN.8..SNN#


..NN..SNoS# 8...8.NSNS# ......N..# ...8..S..# N.......## ..##...# # ...## ...? #
You could see a naga warrior, 6 greater nagas, 2 anacondas, 4 guardian serpents,
a black mamba, 4 naga magi and 3 nagas.

Table legend:
 A = Turns spent in this place as a percentage of turns spent in the entire game.
 B = Non-inter-level travel turns spent in this place as a percentage of non-inter-level travel turns spent in the entire game.
 C = Inter-level travel turns spent in this place as a percentage of turns spent in this place.
 D = Turns resting spent in this place as a percentage of non-inter-level travel turns spent in this place.
 E = Turns spent auto-exploring this place as a percentage of non-inter-level travel turns spent in this place.
 F = Non-inter-level travel turns spent in this place divided by the number of levels of this place that you've seen.
                   A       B       C       D       E      F
               +-------+-------+-------+-------+-------+----------------------
         Total | 100.0 | 100.0 |   0.3 |   1.0 |   2.8 | 2003.5
       Dungeon |  46.9 |  46.9 |   0.3 |   0.9 |   2.7 | 2067.6
          Lair |  29.8 |  29.8 |   0.3 |   0.7 |   2.9 | 2462.0
     Snake Pit |  12.2 |  12.2 |   0.5 |   2.0 |   2.6 | 1606.6
  Orcish Mines |  10.7 |  10.7 |   0.3 |   0.9 |   2.7 | 1762.0
         Sewer |   0.5 |   0.5 |   0.0 |   1.9 |   2.5 | 324.0
               +-------+-------+-------+-------+-------+----------------------

Table legend:
 A = Kills in this place as a percentage of kills in entire the game.
 B = Kills by you in this place as a percentage of kills by you in the entire game.
 C = Kills by friends in this place as a percentage of kills by friends in the entire game.
 D = Other kills in this place as a percentage of other kills in the entire game.
 E = Experience gained in this place as a percentage of experience gained in the entire game.
 F = Experience gained in this place divided by the number of levels of this place that you have seen.
                   A       B       C       D       E      F
               +-------+-------+-------+-------+-------+----------------------
         Total | 100.0 | 100.0 | 100.0 |  -nan | 100.0 | 7281.8
       Dungeon |  45.4 |  45.8 |   6.7 |  -nan |  34.3 | 5488.2
          Lair |  24.7 |  24.6 |  33.3 |  -nan |  24.8 | 7451.5
     Snake Pit |  11.8 |  11.7 |  20.0 |  -nan |  32.1 | 15432.2
  Orcish Mines |  17.6 |  17.4 |  40.0 |  -nan |   8.8 | 5271.0
         Sewer |   0.5 |   0.5 |   0.0 |  -nan |   0.1 | 121.0
               +-------+-------+-------+-------+-------+----------------------

Vanquished Creatures
  7 greater nagas
  Maud (D:14)
  An orc warlord (Orc:3)
  Snorg (Lair:7)
  A great orb of eyes (D:14)
  2 fire dragons (D:15)
  The ghost of ZombieSheep the Whirler, a powerful HaBe of Trog (Lair:2)
  Fannar (Lair:1)
  4 hydras
  Harold (D:12)
  The ghost of Akrius the Basher, an experienced OgGl of the Shining One (D:9)
  8 naga warriors
  3 centaur warriors
  Erica (D:14)
  3 catoblepae (Lair:8)
  2 dancing weapons (D:14)
  2 tengu warriors
  12 anacondas
  5 naga sharpshooters
  15 death yaks (Lair:8)
  4 shock serpents
  Urug (D:12)
  5 orc high priests (Orc:4)
  Nergalle (D:15)
  A wizard (D:15)
  2 ice devils (Orc:4)
  4 skeletal warriors (D:14)
  4 unseen horrors
  A salamander mystic (Snake:5)
  A naga ritualist (Snake:5)
  9 orc knights
  6 hill giants
  A necromancer (D:15)
  A wolf spider zombie (D:15)
  A manticore (D:12)
  2 oklob plants
  19 ugly things
  7 mana vipers
  4 cyclopes
  9 salamanders
  4 griffons
  5 orc sorcerers
  4 elephants (Lair:4)
  10 guardian serpents
  A sixfirhy (Orc:3)
  Joseph (D:9)
  A gargoyle (D:15)
  10 spiny frogs
  A spiny frog (shapeshifter) (D:13)
  A queen ant (Lair:8)
  5 centaur skeletons
  28 black mambas
  Psyche (D:10)
  A molten gargoyle (Lair:2)
  An orange demon (Orc:4)
  15 naga magi
  An efreet (D:15)
  6 komodo dragons
  A fire drake (shapeshifter) (D:14)
  A fire drake (Lair:7)
  2 hellwings
  A red devil (Orc:4)
  A freezing wraith (D:14)
  7 trolls
  The ghost of Pancake the Shield-Bearer, an average DgFi (D:6)
  A redback zombie (D:15)
  Sonja (D:12)
  A wolf spider simulacrum (D:14)
  Grinder (D:5)
  6 blink frogs (Lair:6)
  A polar bear (Lair:3)
  7 ravens
  4 slime creatures
  2 wandering mushrooms (Lair:1)
  4 two-headed ogres
  A snapping turtle (Lair:6)
  2 basilisks
  A water elemental (D:14)
  A spriggan (shapeshifter) (D:14)
  3 shadows
  4 wraiths
  4 wyverns
  A deep elf mage (D:10)
  22 yaks
  11 vampire mosquitoes
  4 hungry ghosts
  A ynoxinul (Orc:3)
  13 hippogriffs
  5 soldier ants
  3 insubstantial wisps (D:12)
  19 wolves
  28 water moccasins
  33 nagas
  14 porcupines
  48 orc warriors
  A phantom (D:10)
  2 black bears
  A wasp (D:12)
  16 centaurs
  5 sky beasts
  3 ice beasts
  An eye of draining (shapeshifter) (D:15)
  An eye of draining (D:14)
  17 crocodiles
  Duvessa (D:9)
  8 ogres
  5 boring beetles
  4 big kobolds
  20 giant frogs
  6 killer bees (D:7)
  A wyvern skeleton (D:14)
  7 scorpions
  8 wights
  5 electric eels
  3 goliath beetles
  4 centaur zombies
  2 lava snakes (Lair:2)
  Dowan (D:9)
  3 giant frog skeletons
  2 giant frog zombies
  2 quasits
  10 crimson imps
  24 jellies
  8 hounds
  A gnoll shaman (D:7)
  47 orc priests
  10 iguanas
  31 worker ants
  30 orc wizards
  A killer bee zombie (D:11)
  17 sheep
  Jessica (D:2)
  Terence (D:2)
  A hound skeleton (D:9)
  A worker ant zombie (D:8)
  16 adders
  An orc zombie (Orc:4)
  59 river rats
  4 giant mites
  7 gnolls (D:7)
  5 shadow imps
  3 worms
  5 giant geckos
  An ooze (D:3)
  185 orcs
  12 bats
  A bat skeleton (D:7)
  7 giant cockroaches
  20 goblins
  14 hobgoblins
  17 jackals
  22 kobolds
  A ball python (D:7)
  5 giant newts
  A giant spore (Lair:1)
  A jackal skeleton (D:4)
  15 quokkas
  A quokka zombie (D:7)
  14 rats
  5 ballistomycetes
  2 bushes (Lair:5)
  6 fungi
  15 plants
1268 creatures vanquished.

Vanquished Creatures (collateral kills)
  A greater naga (Snake:5)
  A hydra (D:14)
  An orc high priest (Orc:3)
  5 oklob plants (Lair:6)
  A mana viper (Snake:5)
  A black mamba (Snake:5)
  An orc warrior (Orc:4)
  2 orc priests (Orc:4)
  2 ufetubi (Orc:3)
  2 orcs (Orc:4)
17 creatures vanquished.

Vanquished Creatures (others)
  2 two-headed ogres (Snake:5)
  A troll (Snake:5)
  6 ogres (Snake:5)
  An orc (Orc:4)
  3 giant spores
  A ballistomycete (D:7)
  2 fungi
  6 plants
22 creatures vanquished.

Grand Total: 1307 creatures vanquished

Notes
Turn   | Place    | Note
--------------------------------------------------------------
     0 | D:1      | gw, the Hill Orc Berserker, began the quest for the Orb.
     0 | D:1      | Reached XP level 1. HP: 19/19 MP: 1/1
   146 | D:1      | Reached XP level 2. HP: 25/27 MP: 2/2
   258 | D:1      | Reached skill level 1 in Throwing
   359 | D:1      | Acquired Trog's second power
   600 | D:1      | Reached XP level 3. HP: 33/33 MP: 3/3
  1030 | D:2      | Noticed Jessica
  1037 | D:2      | Killed Jessica
  1037 | D:2      | Reached skill level 5 in Axes
  1084 | D:2      | Reached XP level 4. HP: 33/40 MP: 4/4
  1383 | D:2      | Found an iron altar of Okawaru.
  1564 | D:2      | Noticed Terence
  1574 | D:2      | Killed Terence
  2592 | D:3      | Reached XP level 5. HP: 40/47 MP: 5/5
  3412 | D:4      | Reached skill level 6 in Axes
  3510 | D:4      | Reached XP level 6. HP: 33/53 MP: 6/6
  3631 | D:4      | Found a blossoming altar of Fedhas.
  3740 | D:4      | Reached skill level 5 in Fighting
  3851 | D:4      | Reached skill level 7 in Axes
  3965 | D:4      | Reached XP level 7. HP: 54/61 MP: 7/7
  4346 | D:5      | Entered Level 5 of the Dungeon
  4392 | D:5      | Acquired Trog's third power
  4491 | D:5      | Found a glowing drain.
  4537 | Sewer    | Entered a sewer
  4895 | D:5      | Reached skill level 8 in Axes
  5164 | D:5      | Found Bistru's General Store.
  5188 | D:5      | Noticed Grinder
  5196 | D:5      | Killed Grinder
  5196 | D:5      | Reached skill level 5 in Armour
  5196 | D:5      | Reached XP level 8. HP: 70/70 MP: 8/8
  5532 | D:6      | Reached skill level 9 in Axes
  5930 | D:6      | Noticed Pancake's ghost (average DgFi)
  5947 | D:6      | Killed Pancake's ghost
  5967 | D:6      | Got a transparent plate armour
  5978 | D:6      | Identified the +16 plate armour "Psaup" {rF+ MR+ Int+3 Stlth-} (You found it on level 6 of the Dungeon)
  6390 | D:6      | Noticed a two-headed ogre
  6397 | D:6      | Killed a two-headed ogre
  6397 | D:6      | Reached skill level 10 in Axes
  6397 | D:6      | Reached skill level 5 in Throwing
  6397 | D:6      | Reached XP level 9. HP: 71/79 MP: 9/9
  7311 | D:7      | Received a gift from Trog
  7435 | D:7      | Found Shroistri's Distillery.
  8210 | D:7      | Found a staircase to the Ecumenical Temple.
  8221 | D:7      | Reached skill level 11 in Axes
  8832 | D:8      | Reached XP level 10. HP: 89/89 MP: 10/10
  9016 | D:8      | Found a staircase to the Lair.
  9235 | D:8      | Reached skill level 12 in Axes
 10277 | D:8      | Gained mutation: You are partially covered in thin metallic scales (AC +2). [potion of mutation]
 10277 | D:8      | Gained mutation: You expend magic power (3 MP) to slightly strengthen your wands. [potion of mutation]
 10277 | D:8      | Gained mutation: You are somewhat resistant to further mutation. [potion of mutation]
 10278 | D:8      | Gained mutation: You are mostly covered in thin metallic scales (AC +3). [potion of beneficial mutation]
 10326 | D:9      | Noticed Joseph
 10336 | D:9      | Killed Joseph
 10541 | D:9      | Received a gift from Trog
 10562 | D:9      | Found a staircase to the Orcish Mines.
 10812 | D:9      | Noticed Akrius' ghost (experienced OgGl)
 10825 | D:9      | Killed Akrius' ghost
 10825 | D:9      | Reached skill level 13 in Axes
 11131 | D:9      | Noticed Dowan
 11134 | D:9      | Killed Dowan
 11163 | D:9      | Found a roughly hewn altar of Beogh.
 11275 | D:9      | Reached XP level 11. HP: 97/99 MP: 3/11
 11344 | D:9      | Noticed Duvessa
 11351 | D:9      | Killed Duvessa
 11501 | D:9      | Received a gift from Trog
 11609 | D:9      | Noticed an orc sorcerer
 11616 | D:9      | Killed an orc sorcerer
 11685 | D:10     | Entered Level 10 of the Dungeon
 11685 | D:10     | Noticed a hill giant
 11689 | D:10     | Killed a hill giant
 11689 | D:10     | Reached skill level 10 in Fighting
 11839 | D:10     | Reached skill level 14 in Axes
 12522 | D:10     | Noticed a three-headed hydra
 12528 | D:10     | Killed a six-headed hydra
 12787 | D:10     | Noticed Psyche
 12791 | D:10     | Killed Psyche
 12855 | D:11     | Received a gift from Trog
 13174 | D:11     | Reached skill level 15 in Axes
 13642 | D:11     | Identified a scroll of acquirement
 13737 | Lair:1   | Entered Level 1 of the Lair of Beasts
 13941 | Lair:1   | Noticed Fannar
 13950 | Lair:1   | Killed Fannar
 13950 | Lair:1   | Reached XP level 12. HP: 108/108 MP: 0/12
 14536 | Lair:1   | Received a gift from Trog
 14721 | Lair:1   | Found an opulent altar of Gozag.
 15416 | Lair:2   | Reached skill level 10 in Armour
 15433 | Lair:2   | Reached skill level 16 in Axes
 15575 | Lair:2   | Noticed a seven-headed hydra
 15582 | Lair:2   | Noticed ZombieSheep's ghost (powerful HaBe)
 15594 | Lair:2   | Killed an eight-headed hydra
 15856 | Lair:2   | Killed ZombieSheep's ghost
 16492 | Lair:2   | Lost mutation: You are mostly covered in thin metallic scales (AC +3). [potion of cure mutation]
 16492 | Lair:2   | Lost mutation: You expend magic power (3 MP) to slightly strengthen your wands. [potion of cure mutation]
 16492 | Lair:2   | Lost mutation: You are somewhat resistant to further mutation. [potion of cure mutation]
 16557 | Lair:3   | Received a gift from Trog
 16974 | Lair:3   | Found a staircase to the Snake Pit.
 17996 | Lair:4   | Reached XP level 13. HP: 117/117 MP: 13/13
 18076 | Lair:4   | Reached skill level 17 in Axes
 18312 | Lair:4   | Received a gift from Trog
 18376 | Lair:4   | Noticed a five-headed hydra
 18383 | Lair:4   | Killed a five-headed hydra
 18548 | Lair:4   | Received a gift from Trog
 18671 | Lair:4   | Reached skill level 10 in Throwing
 19399 | Lair:5   | You fall through a shaft for 3 floors!
 19399 | Lair:8   | Entered Level 8 of the Lair of Beasts
 19759 | Lair:8   | Reached skill level 18 in Axes
 20257 | Lair:8   | Received a gift from Trog
 20302 | Lair:8   | Reached XP level 14. HP: 129/129 MP: 14/14
 20829 | Lair:8   | Reached skill level 19 in Axes
 20899 | Lair:7   | Received a gift from Trog
 21220 | Lair:7   | Received a gift from Trog
 21402 | Lair:7   | Noticed Snorg
 21413 | Lair:7   | Killed Snorg
 21427 | Lair:7   | Received a gift from Trog
 22510 | Lair:6   | Found a staircase to the Slime Pits.
 22717 | Lair:6   | Received a gift from Trog
 23280 | Lair:6   | Found a staircase to the Shoals.
 24245 | D:12     | Noticed Urug
 24251 | D:12     | Killed Urug
 24467 | D:12     | Noticed Harold
 24477 | D:12     | Killed Harold
 24518 | D:12     | Noticed Sonja
 24591 | D:12     | Killed Sonja
 24988 | D:12     | Reached skill level 20 in Axes
 25149 | D:12     | Received a gift from Trog
 25149 | D:12     | Reached XP level 15. HP: 138/138 MP: 15/15
 25424 | Orc:1    | Entered Level 1 of the Orcish Mines
 25610 | Orc:2    | Received a gift from Trog
 26667 | Orc:3    | Found a staircase to the Elven Halls.
 27250 | Orc:3    | Received a gift from Trog
 27298 | Orc:3    | Found a roughly hewn altar of Beogh.
 27656 | Orc:3    | Received a gift from Trog
 27668 | Orc:3    | Found Taat's Assorted Antiques.
 27732 | Orc:4    | Entered Level 4 of the Orcish Mines
 27831 | Orc:4    | Found an iron altar of Okawaru.
 27973 | Orc:4    | Paralysed by an orc sorcerer for 4 turns
 28497 | Orc:4    | Received a gift from Trog
 29077 | Orc:4    | Found Kasomuv's Distillery.
 29078 | Orc:4    | Found Shyetaq's Weapon Boutique.
 29078 | Orc:4    | Found Tiepril's Armour Boutique.
 29079 | Orc:4    | Found Ipuhamatt's Antique Armour Shop.
 29260 | Orc:4    | Received a gift from Trog
 29891 | D:13     | Found Puraud's Gadget Boutique.
 30278 | D:14     | Reached skill level 21 in Axes
 30286 | D:14     | Found a gate to the Vaults.
 30347 | D:14     | Noticed Erica
 30359 | D:14     | Killed Erica
 30469 | D:14     | Reached skill level 15 in Fighting
 30699 | D:14     | Noticed Maud
 30707 | D:14     | Killed Maud
 30759 | D:14     | Reached XP level 16. HP: 134/149 MP: 16/16
 30904 | D:14     | Found a runed gate.
 30904 | D:14     | Found a runed gate.
 30956 | D:14     | Received a gift from Trog
 30971 | D:14     | Found a runed gate.
 32078 | D:14     | Found a runed gate.
 32078 | D:14     | Found a runed gate.
 32079 | D:14     | Found a runed gate.
 32094 | D:14     | Noticed a fire giant
 32309 | D:15     | Entered Level 15 of the Dungeon
 32624 | D:15     | Noticed Nergalle
 32629 | D:15     | Killed Nergalle
 33234 | D:15     | Reached skill level 22 in Axes
 33449 | D:15     | Found a staircase to the Depths.
 33615 | D:15     | Received a gift from Trog
 33616 | D:15     | Got a pitted battleaxe {god gift}
 33617 | D:15     | Identified the +6 battleaxe of Absolutism {flame, Str+4} (Trog gifted it to you on level 15 of the Dungeon)
 33958 | Snake:1  | Entered Level 1 of the Snake Pit
 33964 | Snake:1  | Found Synnuopn's Distillery.
 35792 | Snake:2  | Found Ocuniliu's Magic Scroll Shop.
 36433 | Snake:3  | Received a gift from Trog
 36438 | Snake:3  | Reached XP level 17. HP: 155/158 MP: 17/17
 36542 | Snake:3  | Found a flickering gateway to a bazaar.
 36860 | Snake:3  | Received a gift from Trog
 37162 | Snake:4  | Found a sacrificial altar of Ru.
 37649 | Snake:4  | Reached skill level 23 in Axes
 38154 | Snake:5  | Entered Level 5 of the Snake Pit
 38830 | Snake:5  | Received a gift from Trog
 38996 | Snake:5  | Reached skill level 15 in Armour
 39412 | Snake:5  | Slain by a guardian serpent

Action                   |  1- 3 |  4- 6 |  7- 9 | 10-12 | 13-15 | 16-18 || total
-------------------------+-------+-------+-------+-------+-------+-------++-------
Melee: Hand axe          |    57 |    99 |   179 |       |       |       ||   335
       War axe           |       |       |    68 |   111 |       |       ||   179
       Battleaxe         |       |       |       |   285 |   660 |   467 ||  1412
Throw: Stone             |    41 |    45 |     8 |       |    19 |       ||   113
       Tomahawk          |       |    78 |    26 |   156 |   145 |    96 ||   501
       Javelin           |       |       |    95 |   238 |   363 |    76 ||   772
Invok: Berserk           |       |     2 |     4 |    11 |    10 |     8 ||    35
       Trog's Hand       |       |     2 |     2 |     4 |    13 |     9 ||    30
       Brothers in Arms  |       |       |       |       |     9 |    11 ||    20
Evoke: Wand              |       |       |     5 |     8 |     1 |     2 ||    16
  Use: Scroll            |     4 |     6 |     4 |     7 |    13 |     8 ||    42
       Potion            |     2 |     5 |     7 |     8 |     8 |     3 ||    33
 Stab: Sleeping          |       |     1 |       |       |       |       ||     1
       Distracted        |       |       |       |       |       |     1 ||     1
  Eat: Chunk             |     1 |    11 |    19 |    41 |    47 |    28 ||   147
       Meat ration       |       |       |       |       |     1 |     2 ||     3
       Beef jerky        |       |       |       |       |       |     3 ||     3

Vault maps used:
D:1:      lightli_arrival_windingriver, amethyst_killhole
D:2:      old_standard_altar, uniq_jessica, uniq_terence
D:3:      first_bread
D:4:      st_stairs_4, fedhas_altar_1
D:5:      portal_sewer_entry_f, serial_shops, nicolae_shop_stone, uniq_grinder
D:6:      roderic_lattice_a
D:7:      temple_green, serial_shops, shop
D:8:      erik_lair_boring
D:9:      hiddenorc1_lemuel, special_room, uniq_duvessa, uniq_joseph
D:10:     hangedman_ranch, uniq_psyche
D:11:     wad_floor_pattern_untrapped
D:12:     lab_entry_generic, enter_bailey_3, pond, uniq_harold, uniq_sonja,
          uniq_urug
D:13:     serial_shops, nicolae_shop_trees
D:14:     kennysheep_treasure_stockpile, erik_vaults_1,
          minmay_misc_feat_four_crosses, uniq_maud, uniq_erica
D:15:     grunt_enter_depths_magical_seal, minmay_misc_feat_chi, minivault_23,
          grunt_ministairs_1, minmay_misc_feat_cross, uniq_nergalle
Lair:1:   serial_pond, minmay_pond_fungi_e, minmay_pond_fungi_j,
          lemuel_centaur_altar, grunt_megastairs_1, lemuel_fruit_tree,
          serial_bayou_shore_b, uniq_fannar
Lair:2:   bh_autumn_forest_stairs
Lair:3:   minmay_snake_entry_guardpost_small, grunt_forest_large_clearings,
          infiniplex_staircase_pool_2, serial_bayou_shore_a
Lair:5:   minmay_lair_oklob_bushes, infiniplex_staircase_pool,
          grunt_megastairs_4
Lair:6:   minmay_shoals_entry_hut, minmay_slime_entry_oklob_enclosed
Lair:7:   nicolae_quartered_pool_super, cheibrodos_lair_reptile_den,
          grunt_megastairs_5, uniq_snorg
Lair:8:   evilmike_catoblepas_cave, serial_bayou_pond_a, minmay_another_anthill
Snake:1:  serial_shops, nicolae_shop_crystal
Snake:2:  serial_shops, nicolae_shop_statue_plus, serial_bayou_shore_b,
          grunt_megastairs_2
Snake:3:  serial_shops, bzr_entry_customers
Snake:4:  basic_altar, grunt_megastairs_3
Snake:5:  grunt_snake_rune_serpentine_throne, st_stairs_5,
          basic_stair_grate_trap
Orc:2:    nicolae_orc_stony_grotto
Orc:3:    orc_temple, serial_shops, nicolae_shop_stone, nicolae_orc_pool_cavern
Orc:4:    st_orc_pillars, basic_altar
Sewer:    sewer_the_crocodile
